 Dungeon Crawl Stone Soup version 0.31-a0-851-g7ff8af7976 (webtiles) character file.

Game seed: 13329048161616337017

104 Psyclone the Conjurer (level 4, 0/24 HPs)
             Began as a Deep Elf Conjurer on Oct 7, 2023.
             Killed from afar by Ijyb (24 damage)
             ... with a bolt of acid
             ... on level 2 of the Dungeon.
             The game lasted 00:03:14 (2015 turns).

Psyclone the Conjurer (Deep Elf Conjurer)           Turns: 2015, Time: 00:03:14

Health: 0/24       AC:  4    Str:  4    XL:     4   Next: 52%
Magic:  5/10       EV: 12    Int: 25    God:
Gold:   47         SH:  0    Dex: 13    Spells: 6/9 levels left

rFire   . . .        e - +0 dagger
rCold   . . .        (no shield)
rNeg    . . .        a - +0 robe
rPois   .            (no helmet)
rElec   .            (no cloak)
rCorr   .            d - +1 pair of gloves
SInv    .            (no boots)
Will    .....        (no amulet)
Stlth   ++           (no ring)
HPRegen 0.24/turn    (no ring)
MPRegen 0.12/turn

%: no passive effects
@: no status effects
A: no striking features
a: no special abilities


You were on level 2 of the Dungeon.
You visited 1 branch of the dungeon, and saw 2 of its levels.

You collected 47 gold pieces.

Inventory:

Hand Weapons
 e - a +0 dagger (weapon)
Armour
 a - a +0 robe (worn)
 d - a +1 pair of gloves (worn)
Scrolls
 f - a scroll of enchant armour {unknown}
 g - a scroll of brand weapon
 h - a scroll of fog {unknown}
Potions
 b - a potion of magic
 c - a potion of heal wounds


   Skills:
 - Level 2.4 Dodging
 - Level 2.4 Stealth
 - Level 3.0 Spellcasting
 + Level 6.6 Conjurations


You had 6 spell levels left.
You knew the following spells:

 Your Spells              Type           Power      Damage    Failure   Level
a - Magic Dart            Conj           100%       1d8       1%          1
b - Searing Ray           Conj           72%        2d7       1%          2

Your spell library contained the following spells:

 Spells                   Type           Power      Damage    Failure   Level
 Dazzling Flash           Conj/Hex       40%        N/A       8%          3
 Fulminant Prism          Conj/Hex       10%        3d9       26%         4
 Iskenderun's Mystic Bla  Conj/Tloc      20%        2d6       26%         4


Dungeon Overview and Level Annotations

Branches:
Dungeon (2/15) Zot: 9984

Altars:

Annotations:
D:2 Ijyb


Message History

The goblin shouts! x2
Ijyb the Twisted Goblin comes into view.
She is wielding a +0 dagger and carrying a wand of acid.
You now have 8/10 mp.
Casting: Magic Dart (safe; 1% risk of failure)
Confirm with . or Enter, or press ? or * to list all spells.
Aiming: Magic Dart (safe; 1% risk of failure)
Press: ? - help, Shift-Dir - straight line, f - goblin
Aim: a goblin, wielding a +0 club (100% to hit)
The magic dart hits the goblin.
The goblin is heavily wounded.
Ijyb shouts!
You now have 7/10 mp.
Casting: Magic Dart (safe; 1% risk of failure)
Confirm with . or Enter, or press ? or * to list all spells.
Aiming: Magic Dart (safe; 1% risk of failure)
Press: ? - help, Shift-Dir - straight line, f/p - goblin
Aim: a goblin, wielding a +0 club (heavily wounded, 100% to hit)
The magic dart hits the goblin!
You kill the goblin!
You now have 6/10 mp.
Casting: Magic Dart (safe; 1% risk of failure)
Confirm with . or Enter, or press ? or * to list all spells.
Aiming: Searing Ray (safe; 1% risk of failure)
Press: ? - help, Shift-Dir - straight line, f - goblin
Aim: a goblin, wielding a +0 dagger (76% to hit)
Okay, then.
Casting: Searing Ray (safe; 1% risk of failure)
Confirm with . or Enter, or press ? or * to list all spells.
Aiming: Searing Ray (safe; 1% risk of failure)
Press: ? - help, Shift-Dir - straight line, f - goblin
Aim: a goblin, wielding a +0 dagger (76% to hit)
The searing ray misses the goblin.
The searing ray hits Ijyb!
Ijyb is heavily wounded. (Press . to maintain the ray.)
The goblin closely misses you.
Ijyb zaps a wand.
The bolt of acid hits the goblin!!
The acid corrodes the goblin!
The goblin dies!
The bolt of acid hits you!!
Ouch! That really hurt!
You die...

######### ......†.#
#######.###### ###
#.g..)@......####.##
###>###g#####.###...##.#.##
#.....g.# #.........###.#
......g..# #####...##.#.##
#8....g8## ##.####.##
#.......###### #.# #.#
#8....g8#....# #.# #.#
#...g...#..<.######.# #.#
#8)....8#.........#.# #.#


You could see Ijyb and a goblin.

Vanquished Creatures
  A hound (D:2)
  Robin (D:2)
  A gnoll (D:1)
  4 endoplasms
  2 giant cockroaches
  14 goblins
  7 hobgoblins
  A quokka (D:1)
  6 ball pythons
  4 bats
  4 frilled lizards
  2 kobolds (D:2)
  3 rats (D:1)
50 creatures vanquished.

Vanquished Creatures (others)
  A goblin (D:2)
1 creature vanquished.

Grand Total: 51 creatures vanquished

Notes
Turn   | Place    | Note
-------+----------+-------------------------------------------
     0 | D:1      | Psyclone the Deep Elf Conjurer began the quest for the Orb.
     0 | D:1      | Reached XP level 1. HP: 10/10 MP: 6/6
   266 | D:1      | Reached XP level 2. HP: 14/15 MP: 0/8
   458 | D:1      | Reached skill level 5 in Conjurations
   599 | D:1      | Learned a level 2 spell: Searing Ray
   886 | D:1      | Reached XP level 3. HP: 19/19 MP: 4/9
  1665 | D:2      | Reached skill level 6 in Conjurations
  1679 | D:2      | Noticed Robin
  1703 | D:2      | Reached XP level 4. HP: 21/24 MP: 1/10
  1807 | D:2      | Killed Robin
  2004 | D:2      | Noticed Ijyb
  2015 | D:2      | Killed from afar by Ijyb

Illustrated notes

Levels and vault maps discovered:
D:1:      amcnicky_arrival_gap_in_the_tavern_cellar, layout_loops_ring,
          minmay_shallow_snake_nest
D:2:      kennysheep_the_goblin_king, layout_loops_ring, nrook_uturn,
          minmay_goblin_kobold_house, uniq_robin, uniq_natasha

Skill      XL: |  1  2  3 |
---------------+----------+-----
Conjurations   | 5 6 |  6.6
Dodging        | |  2.4
Stealth        | |  2.4
Spellcasting   | |  3.0

Action                     |  1- 3 |  4- 6 || total
---------------------------+-------+-------++-------
   Cast: Magic Dart        |    73 |    12 ||    85
         Searing Ray       |     1 |     2 ||     3
    Use: Scroll            |     3 |       ||     3
         Potion            |     2 |       ||     2
 Armour: Robe              |    15 |     1 ||    16
  Dodge: Dodged            |    20 |     2 ||    22

Table legend: (Time is in decaauts)
 A = Elapsed time spent in this place.
 B = Non-inter-level travel time spent in this place.
 C = Inter-level travel time spent in this place.
 D = Time resting spent in this place.
 E = Time spent auto-exploring this place.
 F = Levels seen in this place.
 G = Mean time per level.
                   A        B        C        D        E       F      G
               +--------+--------+--------+--------+--------+-----+--------+
         Total |   2014 |   1952 |     62 |      7 |   1675 |   2 | 1007.0 |
       Dungeon |   2014 |   1952 |     62 |      7 |   1675 |   2 | 1007.0 |
               +--------+--------+--------+--------+--------+-----+--------+

Top non-repeatable levels by time:
     D:1: 1242 daAuts
     D:2: 771 daAuts
